 Dungeon Crawl Stone Soup version 0.28-a0-1412-gf95308ed99 (webtiles) character file.

Game seed: 18362866572083003816

35 gimp the Ducker (level 3, -1/28 HPs)
             Began as a Mummy Wanderer on Jan 6, 2022.
             Slain by an adder (4 damage)
             ... on level 1 of the Dungeon.
             The game lasted 00:01:49 (1276 turns).

gimp the Ducker (Mummy Wanderer)                    Turns: 1276, Time: 00:01:49

Health: -1/28      AC:  3    Str: 19    XL:     3   Next: 16%
Magic:  3/3        EV: 11    Int:  9    God:
Gold:   21         SH:  4    Dex: 11    Spells: 2/2 levels left

rFire   x . .      SeeInvis .   a - +0 whip
rCold   + . .      Faith    .   e - +0 buckler
rNeg    + + +      Spirit   .   c - +0 leather armour
rPois   ∞          Reflect  .   (no helmet)
rElec   .          Harm     .   (no cloak)
rCorr   .          Rampage  .   (no gloves)
Will    .....                   (no boots)
Stlth   +.........              (no amulet)
HPRegen 0.09/turn               (no ring)
MPRegen 0.08/turn               (no ring)

@: no status effects
A: cold resistance 1, negative energy resistance 3, torment resistance 2, heat
vulnerability 1, no potions
a: no special abilities


You were on level 1 of the Dungeon.
You visited 1 branch of the dungeon, and saw 2 of its levels.

You collected 21 gold pieces.

Inventory:

Hand Weapons
 a - a +0 whip (weapon)
 b - a +0 hand crossbow
Missiles
 d - 22 bolts
 g - 2 throwing nets (quivered)
Armour
 c - a +0 leather armour (worn)
 e - a +0 buckler (worn)
Scrolls
 f - a scroll of enchant armour {unknown}
 h - a scroll of noise {unknown}


   Skills:
 * Level 2.6 Fighting
 - Level 3.2 Crossbows
 - Level 3.2 Dodging
 + Level 1.6 Shields


You had 2 spell levels left.
You didn't know any spells.
Your spell library was empty.

Dungeon Overview and Level Annotations

Branches:
Dungeon (2/15)

Altars:


Innate Abilities, Weirdness & Mutations

You are immune to poison.
Your flesh is cold resistant. (rC+)
You are immune to negative energy. (rN+++)
You are immune to unholy pain and torment.
You are vulnerable to heat. (rF-)
You do not drink.


Message History

You are too injured to fight recklessly!
You are too injured to fight recklessly!
You barely miss the adder.
The adder is moderately wounded.
The adder closely misses you. The adder misses you.
You barely miss the adder.
The adder is moderately wounded.
The adder bites you.
You take 2 damage, and have 11/28 hp.
You closely miss the adder.
The adder is moderately wounded.
The adder bites you but does no damage. The adder bites you.
* * * LOW HITPOINT WARNING * * *
You take 3 damage, and have 8/28 hp.
You closely miss the adder.
The adder is moderately wounded.
The adder completely misses you.
You barely miss the adder.
The adder is moderately wounded.
The adder bites you.
* * * LOW HITPOINT WARNING * * *
The adder bites you.
* * * LOW HITPOINT WARNING * * *
You take 5 damage, and have 3/28 hp.
You hit the adder.
The adder is moderately wounded.
The adder bites you but does no damage.
Throw: 4 throwing nets
Press: ? - help, Q - select action Shift-Dir - straight line, f - adder
Aim: an adder (moderately wounded, 35% to hit)
You throw a throwing net.
The throwing net barely misses the adder.
The adder completely misses you.
Throw: 3 throwing nets
Press: ? - help, Q - select action Shift-Dir - straight line, f/p - adder
Aim: an adder (moderately wounded, 35% to hit)
You throw a throwing net.
The throwing net closely misses the adder.
The adder bites you.
You die...

#.# #.().........#.....#..
#.#####†####.#.#...........#
######.......#
#.#.#.........###
......########
#.#.###........# #####.#
#.#.|......#.#.## #.#
#.#####.......... #.# #.#
###....♣♣♣♣ #.###########.#
#...♣♣
#...(......S@.#######.#.♣♣
#################.........#..♣
.............#
#............♣♣♣♣
############.#
############..... #.# ######
#.######### # #....)....#
#########.############
#.............


You could see an adder.

Vanquished Creatures
  An adder (D:2)
  A dart slug (D:1)
  2 endoplasms (D:1)
  2 giant cockroaches
  4 goblins
  2 hobgoblins (D:1)
  2 kobolds (D:1)
  A quokka (D:1)
  3 ball pythons (D:1)
  2 bats (D:1)
  2 rats (D:1)
22 creatures vanquished.

Notes
Turn   | Place    | Note
-------+----------+-------------------------------------------
     0 | D:1      | gimp the Mummy Wanderer began the quest for the Orb.
     0 | D:1      | gimp set off with the following items: a +0 hand crossbow,
                  | 4 throwing nets, a +0 leather armour, 24 bolts, a +0
                  | buckler
     0 | D:1      | Reached XP level 1. HP: 15/15 MP: 1/1
    42 | D:1      | Found a faded altar of an unknown god.
   343 | D:1      | Reached XP level 2. HP: 22/22 MP: 2/2
  1199 | D:2      | Reached XP level 3. HP: 24/28 MP: 3/3
  1276 | D:1      | Slain by an adder

Illustrated notes

Levels and vault maps discovered:
D:1:      ncdulo_wetmaze, layout_loops_ring, basic_ecumenical_altar,
          grunt_decor_mini_mirrors, nrook_campfire, minmay_misc_feat_tower,
          chequers_jeans
D:2:      layout_rooms

Skill      XL: |  1  2 |
---------------+-------+-----
Fighting       | 2 |  2.6
Crossbows      | |  3.2
Dodging        | |  3.2
Shields        | |  1.6

Action                   || total
-------------------------++-------
Melee: Whip              ||    55
 Fire: Hand crossbow     ||    21
Throw: Throwing net      ||     2
Armor: Leather armour    ||    17
Dodge: Dodged            ||    42
Block: Buckler           ||     2

Table legend: (Time is in decaauts)
 A = Elapsed time spent in this place.
 B = Non-inter-level travel time spent in this place.
 C = Inter-level travel time spent in this place.
 D = Time resting spent in this place.
 E = Time spent auto-exploring this place.
 F = Levels seen in this place.
 G = Mean time per level.
                   A        B        C        D        E       F      G
               +--------+--------+--------+--------+--------+-----+--------+
         Total |   1298 |   1231 |     67 |      0 |   1017 |   2 |  649.0 |
       Dungeon |   1298 |   1231 |     67 |      0 |   1017 |   2 |  649.0 |
               +--------+--------+--------+--------+--------+-----+--------+

Top non-repeatable levels by time:
     D:1: 1217 daAuts
     D:2: 80 daAuts
